 Dungeon Sprint DCSS version 0.21-a0-67-g3f13d09 (webtiles) character file.

2319 Kidiri the Covert (level 9, 0/46 HPs)
             Began as a Spriggan Enchanter on June 17, 2017.
             Was a High Priest of Wu Jian.
             Slain by an orc warrior
             ... wielding a +0 long sword
              (18 damage)
             ... in the Dungeon (Sprint V: "Ziggurat Sprint").
             The game lasted 00:07:19 (749 turns).

Kidiri the Covert (Spriggan Enchanter)               Turns: 749, Time: 00:07:22

Health: 0/46       AC:  2    Str:  4    XL:     9   Next: 18%
Magic:  24/24      EV: 30    Int: 24    God:    Wu Jian [*****.]
Gold:   0          SH: 11    Dex: 23    Spells: 16/28 levels left

rFire    . . .     SeeInvis +   a - +5 quick blade
rCold    . . .     Gourm    .   G - +3 buckler
rNeg     . . .     Faith    .   b - +0 robe
rPois    +         Spirit   .   (helmet restricted)
rElec    .         Reflect  .   (no cloak)
rCorr    .         Harm     .   (gloves unavailable)
MR       +....     NoTele   +   (boots unavailable)
Stlth    ++++++....             (no amulet)
HPRegen  0.15/turn              A - +6 ring of intelligence
MPRegen  0.19/turn              J - ring of Qynec {Wiz rPois Dex+5 Slay-4 SInv}

@: exhausted, studying 2 skills, very quick
A: unfitting armour, see invisible, herbivore 3, speed 3, slow metabolism 2
a: Serpent's Lash, Heavenly Storm, Renounce Religion


You were in the Dungeon.
You worshipped Wu Jian.
Wu Jian was extremely pleased with you.
You were not hungry.

You visited 1 branch

Inventory:

Hand Weapons
 a - a +5 quick blade (weapon)
Armour
 b - a +0 robe (worn)
 G - a +3 buckler (worn)
Jewellery
 y - a +6 ring of dexterity
 z - a +6 ring of dexterity
 A - a +6 ring of intelligence (left hand)
 B - a +6 ring of intelligence
 H - an uncursed ring of ice
 J - the ring of Qynec (right hand) {Wiz rPois Dex+5 Slay-4 SInv}
   (You found it in the Dungeon)

   [ring of wizardry]

   It improves your spell success rate.
   It affects your dexterity (+5).
   It affects your accuracy and damage with ranged weapons and melee attacks
   (-4).
   It protects you from poison.
   It lets you see invisible.
Wands
 C - a wand of disintegration (7/24)
 D - a wand of iceblast (5/15)
 E - a wand of lightning (5/15)
 F - a wand of acid (5/15)
Scrolls
 j - 4 scrolls of blinking
 q - 4 scrolls of amnesia
 r - 3 scrolls of recharging
 s - 7 scrolls of fog
 t - a scroll of holy word
 u - 5 scrolls of identify
 v - 5 scrolls of remove curse
 w - 2 scrolls of fear
Potions
 e - 10 potions of curing
 f - 5 potions of heal wounds
 g - 6 potions of haste
 h - 7 potions of magic
 i - 3 potions of berserk rage
 k - 2 potions of brilliance
 l - 2 potions of invisibility
 m - 4 potions of resistance
 o - 5 potions of agility
 p - 5 potions of might
Books
 c - a book of Maledictions

   Spells                             Type                      Level
   a - Corona                         Hexes                        1
   b - Ensorcelled Hibernation        Hexes/Ice                    2
   c - Confuse                        Hexes                        3
   d - Tukima's Dance                 Hexes                        3
   e - Dazzling Spray                 Conjuration/Hexes            3
 n - a manual of
Armour
 I - a manual of Spellcasting
Comestibles
 d - 5 bread rations
 x - 42 fruits


   Skills:
 + Level 4.4 Fighting
 * Level 9.1 Short Blades
 + Level 5.3 Armour
 * Level 11.9 Dodging
 * Level 13.0 Stealth
 + Level 4.1 Shields
 * Level 10.2 Spellcasting
 + Level 2.3 Conjurations
 + Level 7.6 Hexes
 + Level 2.6 Ice Magic
 + Level 7.4 Evocations


You had 16 spell levels left.
You knew the following spells:

 Your Spells              Type           Power        Failure   Level  Hunger
a - Corona                Hex            #####..      1%          1    None
b - Ensorcelled Hibernat  Hex/Ice        #####.       1%          2    None
c - Confuse               Hex            #####...     1%          3    None
d - Tukima's Dance        Hex            #####...     1%          3    None
e - Dazzling Spray        Conj/Hex       #####.       1%          3    None


Dungeon Overview and Level Annotations

Branches:
Dungeon (1/1)

Altars:
Ashenzari
Cheibriados
Dithmenos
Elyvilon
Fedhas
Gozag
Hepliaklqana
Kikubaaqudgha
Makhleb
Nemelex Xobeh
Okawaru
Qazlal
Ru
Sif Muna
Trog
Uskayaw
Vehumet
Wu Jian
Xom
Yredelemnul
Zin
The Shining One
Beogh
Jiyva
Lugonu

Annotations:
D 1 transporter


Innate Abilities, Weirdness & Mutations

You are very small and have problems with some larger weapons.
You are too small for most types of armour.
You have supernaturally acute eyesight. (SInv)
You are a herbivore.
You cover ground extremely quickly.
You need consume almost no food.


Message History

The orc warrior is heavily wounded.
You hit the orc warrior.
The orc warrior is heavily wounded.
You block the orc warrior's attack.
You repeatedly attack the orc warrior from above.
You hit the orc warrior but do no damage.
The orc warrior is heavily wounded.
You hit the orc warrior.
The orc warrior is heavily wounded.
You block the orc warrior's attack.
Unknown command.
You hit the orc warrior.
The orc warrior is severely wounded.
You spin and attack the orc warrior repeatedly.
You completely miss the orc warrior.
The orc warrior is severely wounded.
You hit the orc warrior.
The orc warrior is severely wounded.
The orc warrior hits you with a long sword!!
You die...

▓........▓..(.....▓
▓▓▓▓▓▓▓▓▓▓▓▓▓▓▓▓▓▓▓
▓..8©8..▓ ▓..[):..▓
▓..:=|).▓ ▓.....).▓
▓....)..▓ ▓...§§§.▓
▓...@...▓ ▓.▓..o▓.▓
▓.......▓ ▓▓▓▓▓▓▓▓▓


You could see an orc warrior.

Vanquished Creatures
  2 deep elf knights (D)
  2 deep elf magi (D)
  2 tarantellas (D)
  An orc warrior (D)
  A black bear (D)
  A wolf (D)
  2 scorpions (D)
  2 orc priests (D)
  2 jellies (D)
  A mummy (D)
  An ooze (D)
  2 orcs (D)
  A bat zombie (D)
  A giant cockroach zombie (D)
  A leopard gecko zombie (D)
22 creatures vanquished.

Vanquished Creatures (others)
  A deep elf mage (D)
1 creature vanquished.

Grand Total: 23 creatures vanquished

Notes
Turn   | Place    | Note
-------+----------+-------------------------------------------
     0 | D        | Kidiri the Spriggan Enchanter began the quest for the Orb.
     0 | D        | Reached XP level 1. HP: 9/9 MP: 5/5
     0 | D        | Found a deep blue altar of Sif Muna.
     0 | D        | Found a bloodstained altar of Trog.
     0 | D        | Found a sacrificial altar of Ru.
     0 | D        | Found a stormy altar of Qazlal.
     0 | D        | Found an iron altar of Okawaru.
     1 | D        | Found a sparkling altar of Nemelex Xobeh.
     1 | D        | Found a blossoming altar of Fedhas.
     3 | D        | Found a transporter.
     3 | D        | Found an ancient bone altar of Kikubaaqudgha.
     3 | D        | Found a viscous altar of Jiyva.
     3 | D        | Found a corrupted altar of Lugonu.
     3 | D        | Found a hazy altar of Hepliaklqana.
     3 | D        | Found a burning altar of Makhleb.
     3 | D        | Found an opulent altar of Gozag.
    35 | D        | Became a worshipper of the Wu Jian Council
    67 | D        | Reached skill level 1 in Fighting
    67 | D        | Reached skill level 1 in Armour
    67 | D        | Reached skill level 5 in Dodging
    67 | D        | Reached skill level 6 in Stealth
    67 | D        | Reached skill level 1 in Shields
    67 | D        | Reached XP level 2. HP: 14/14 MP: 6/8
    71 | D        | Learned a level 2 spell: Ensorcelled Hibernation
    86 | D        | Entered arena 2.
    86 | D        | Noticed a black bear
    86 | D        | Noticed a wolf
    86 | D        | Found a transporter.
    89 | D        | Killed a black bear
    89 | D        | Reached skill level 7 in Stealth
    89 | D        | Reached skill level 5 in Spellcasting
    89 | D        | Reached XP level 3. HP: 18/18 MP: 8/10
    89 | D        | Reached XP level 4. HP: 23/23 MP: 9/12
    92 | D        | Killed a wolf
    92 | D        | Reached skill level 5 in Short Blades
    92 | D        | Reached skill level 8 in Stealth
    92 | D        | Reached skill level 5 in Hexes
    92 | D        | Reached XP level 5. HP: 15/26 MP: 5/14
   102 | D        | Learned a level 3 spell: Confuse
   106 | D        | Learned a level 3 spell: Tukima's Dance
   110 | D        | Learned a level 3 spell: Dazzling Spray
   229 | D        | Entered arena 3.
   229 | D        | Found a transporter.
   234 | D        | Reached * piety under Wu Jian
   235 | D        | Reached skill level 9 in Stealth
   237 | D        | Identified the Volume of the Unstoppable Deaths (You found it in the Dungeon)
   245 | D        | Entered arena 4.
   245 | D        | Found a transporter.
   249 | D        | Reached ** piety under Wu Jian
   319 | D        | Entered arena 5.
   319 | D        | Noticed a tarantella
   319 | D        | Noticed a tarantella
   319 | D        | Found a transporter.
   323 | D        | Reached *** piety under Wu Jian
   323 | D        | Reached XP level 6. HP: 32/32 MP: 17/17
   328 | D        | Killed a tarantella
   328 | D        | Reached skill level 10 in Stealth
   328 | D        | Reached skill level 5 in Evocations
   330 | D        | Killed a tarantella
   330 | D        | Reached XP level 7. HP: 11/36 MP: 12/19
   541 | D        | Entered arena 6.
   541 | D        | Noticed a deep elf knight
   541 | D        | Noticed a deep elf mage
   541 | D        | Noticed a deep elf mage
   541 | D        | Noticed a deep elf knight
   541 | D        | Noticed a deep elf mage
   541 | D        | Found a transporter.
   544 | D        | Killed a deep elf mage
   546 | D        | Killed a deep elf mage
   546 | D        | Reached **** piety under Wu Jian
   553 | D        | Killed a deep elf knight
   553 | D        | Reached skill level 10 in Dodging
   553 | D        | Reached skill level 11 in Stealth
   553 | D        | Reached skill level 1 in Conjurations
   553 | D        | Reached skill level 1 in Ice Magic
   553 | D        | Reached XP level 8. HP: 24/42 MP: 13/22
   560 | D        | Killed a deep elf mage
   560 | D        | Reached skill level 12 in Stealth
   567 | D        | Killed a deep elf knight
   567 | D        | Reached skill level 5 in Armour
   567 | D        | Reached skill level 10 in Spellcasting
   567 | D        | Reached XP level 9. HP: 29/46 MP: 8/24
   572 | D        | Got the ring of Qynec {Wiz rPois Dex+5 Slay-4 SInv}
   683 | D        | Entered arena 7.
   684 | D        | Found a transporter.
   735 | D        | Reached ***** piety under Wu Jian
   741 | D        | Reached skill level 13 in Stealth
   749 | D        | Slain by an orc warrior

Vault maps used:
D:        sprint_v

Skill      XL: |  1  2  3  4  5  6  7  8  9 |
---------------+----------------------------+-----
Fighting       | 1 2 3 4 |  4.4
Short Blades   | 3 4 5 7 8 9 |  9.1
Armour         | 1 2 3 4 5 |  5.3
Dodging        | 5 6 7 8 9 10 11 | 11.9
Stealth        | 6 7 8 9 10 11 12 13 | 13.0
Shields        | 1 2 3 4 |  4.1
Spellcasting   | 4 5 6 7 8 9 10 | 10.2
Hexes          | 4 5 6 7 |  7.6
Evocations     | 2 3 4 5 6 7 |  7.4
Conjurations   | 1 2 |  2.3
Ice Magic      | 1 2 |  2.6

Action                   |  1- 3 |  4- 6 |  7- 9 || total
-------------------------+-------+-------+-------++-------
Melee: Quick blade       |     1 |    14 |   207 ||   222
 Cast: Ensorcelled Hiber |       |     3 |     1 ||     4
       Dazzling Spray    |       |     3 |     4 ||     7
Invok: Serpent's Lash    |       |       |     2 ||     2
  Use: Potion            |     1 |       |     5 ||     6
 Stab: Sleeping          |     1 |     7 |       ||     8
       Invisible         |       |     3 |     3 ||     6
Dodge: Dodged            |       |    11 |    30 ||    41
Block: Buckler           |       |     7 |    22 ||    29
